 Dungeon Crawl Stone Soup version 0.29.0-11-gd7f09526c8 (webtiles) character file.

Game seed: 11424854374686786113

98 hawthorn the Sneak (level 5, -8/31 HPs)
             Began as a Kobold Brigand on Sept 4, 2022.
             Killed by divine providence
             ... invoked by an orc priest
              (13 damage)
             ... on level 4 of the Dungeon.
             The game lasted 00:05:43 (3169 turns).

hawthorn the Sneak (Kobold Brigand)                 Turns: 3169, Time: 00:05:44

Health: -8/31      AC:  4    Str: 10    XL:     5   Next: 1%
Magic:  5/5        EV: 14    Int: 12    God:
Gold:   155        SH:  0    Dex: 17    Spells: 3/4 levels left

rFire   . . .      SeeInvis .   a - +2 dagger
rCold   . . .      Faith    .   (no shield)
rNeg    + . .      Spirit   .   i - +0 robe
rPois   .          Reflect  .   (no helmet)
rElec   .          Harm     .   c - +1 cloak
rCorr   .          Rampage  .   (no gloves)
Will    .....                   (no boots)
Stlth   +++++.....              (no amulet)
HPRegen 0.10/turn               m - ring of positive energy
MPRegen 0.09/turn               (no ring)

@: no status effects
A: small, no large weapons, nightstalker 3
a: no special abilities


You were on level 4 of the Dungeon.
You visited 1 branch of the dungeon, and saw 4 of its levels.

You collected 155 gold pieces.

Inventory:

Hand Weapons
 a - a +2 dagger (weapon)
 b - a +0 sling
 h - a +1 antimagic whip
Missiles
 d - 12 poisoned darts (quivered)
 e - 2 curare-tipped darts
 f - 19 stones
Armour
 c - a +1 cloak (worn)
 i - a +0 robe (worn)
Jewellery
 m - a ring of positive energy (left hand)
Scrolls
 l - 3 scrolls of identify
Potions
 g - a potion of mutation


   Skills:
 + Level 2.6 Fighting
 + Level 3.3 Short Blades
 + Level 2.4 Ranged Weapons
 + Level 2.2 Throwing
 + Level 1.3 Dodging
 + Level 6.9 Stealth


You had 3 spell levels left.
You knew the following spells:

 Your Spells              Type           Power      Damage    Failure   Level
a - Slow                  Hex            0%         N/A       32%         1

Your spell library contained the following spells:

 Spells                   Type           Power      Damage    Failure   Level
 Freeze                   Ice            0%         1d3       32%         1
 Static Discharge         Conj/Air       0%         3-3/arc   45%         2
 Confusing Touch          Hex            0%         N/A       69%         3
 Frozen Ramparts          Ice            0%         1d1       69%         3
 Tukima's Dance           Hex            0%         N/A       69%         3
 Vampiric Draining        Necr           0%         2d6       69%         3
 Dispel Undead            Necr           0%         3d6       97%         4
 Hailstorm                Conj/Ice       0%         3d3       97%         4
 Passage of Golubria      Tloc           0%         N/A       97%         4
 Sticky Flame             Conj/Fire      0%         2d3       97%         4
 Yara's Violent Unravell  Hex/Tmut       0%         3d3       100%        5


Dungeon Overview and Level Annotations

Branches:
Dungeon (4/15)
 Temple: D:4-7

Altars:


Innate Abilities, Weirdness & Mutations

You are small and have problems with some larger weapons.
You are completely attuned to the shadows.


Message History

The orc priest misses you.
The orc priest attacks as you move away!
The orc priest closely misses you.
As you read the scroll labelled ZYFAVA RUOSAURI, it crumbles to dust.
It is a scroll of enchant armour.
Your +0 cloak glows green for a moment.
The orc priest misses you.
The air fills with toxic fumes!
As you read the scroll labelled PYIGEGRIOM, it crumbles to dust.
It was a scroll of poison.
The orc priest barely misses you.
You hit the orc priest but do no damage.
The orc priest is lightly wounded.
The orc priest hits you with a +0 short sword.
You closely miss the orc priest.
The orc priest is lightly wounded.
The orc priest barely misses you.
The orc wizard gestures wildly while chanting.
The orc wizard flickers and vanishes!
Deactivating autopickup; reactivate with Ctrl-A.
You hit the orc priest but do no damage.
The orc priest is lightly wounded.
The orc priest looks braver for a moment.
You hit the orc priest but do no damage.
The orc priest is lightly wounded.
You hit the orc priest.
The orc priest is moderately wounded.
The orc priest calls down the wrath of Beogh upon you.
Beogh smites you!
* * * LOW HITPOINT WARNING * * *
You hit the orc priest but do no damage.
The orc priest is moderately wounded.
The orc priest hits you with a +0 short sword.
* * * LOW HITPOINT WARNING * * *
You hit the orc priest.
The orc priest is heavily wounded.
The orc priest barely misses you.
You hit the orc priest but do no damage.
The orc priest is heavily wounded.
The orc priest calls down the wrath of Beogh upon you.
Beogh smites you!
You die...

### #############.#
#.............#
#.###########.#
####.# #☼# .....# #§#
########## #§#
.........# #☼#
######...# #@#
#######'########o#
#...##...##...##{#
<.♣....♣.'..♣.<#o#
#...##..)##...##o#+##
#######.#######....oo
##.## #..)..o #...#
#....o. #.♣.# .#+#...


You could see 2 orc priests and an orc.

Vanquished Creatures
  An orc wizard (D:4)
  A worm (D:2)
  A dart slug (D:1)
  An orc (D:3)
  5 bats
  6 endoplasms
  2 giant cockroaches
  8 goblins
  8 hobgoblins
  8 kobolds
  4 quokkas
  4 ball pythons (D:3)
  5 frilled lizards
  7 rats
61 creatures vanquished.

Notes
Turn   | Place    | Note
-------+----------+-------------------------------------------
     0 | D:1      | hawthorn the Kobold Brigand began the quest for the Orb.
     0 | D:1      | Reached XP level 1. HP: 12/12 MP: 1/1
    46 | D:1      | Reached XP level 2. HP: 16/17 MP: 2/2
    60 | D:1      | Reached skill level 6 in Stealth
   488 | D:1      | Reached XP level 3. HP: 21/21 MP: 3/3
   622 | D:1      | Found a faded altar of an unknown god.
   871 | D:2      | Reached skill level 1 in Ranged Weapons
  1704 | D:2      | Learned a level 1 spell: Slow
  1777 | D:2      | Reached XP level 4. HP: 27/27 MP: 4/4
  3144 | D:4      | Reached XP level 5. HP: 31/31 MP: 5/5
  3169 | D:4      | Killed from afar by an orc priest

Illustrated notes

Levels and vault maps discovered:
D:1:      psy_arrival_spokes, layout_rooms, basic_ecumenical_altar
D:2:      layout_basic, nicolae_figureground_pulse
D:3:      layout_loops_ring
D:4:      layout_basic, lemuel_blue_sif_altar, gammafunk_ghost_split,
          serial_shops, kennysheep_mini, nicolae_zen_rock_garden,
          grunt_ministairs_5, minmay_tree_intersection, uniq_sigmund, uniq_ijyb,
          uniq_natasha

Skill      XL: |  1  2  3  4 |
---------------+-------------+-----
Stealth        | 6 |  6.9
Ranged Weapons | 1 2 |  2.4
Short Blades   | 3 |  3.3
Fighting       | |  2.6
Throwing       | |  2.2
Dodging        | |  1.3

Action                   |  1- 3 |  4- 6 || total
-------------------------+-------+-------++-------
Melee: Dagger            |    77 |    60 ||   137
 Fire: Sling             |    40 |     8 ||    48
Throw: Dart              |       |     2 ||     2
  Use: Scroll            |     5 |     2 ||     7
       Potion            |       |     2 ||     2
 Stab: Sleeping          |     6 |    11 ||    17
Armor: Robe              |    14 |     3 ||    17
Dodge: Dodged            |    49 |    26 ||    75
